Warning! The script has encountered some errors when parsing the replay. Please report them to the . » details
0x00, prev: 0x16: 16 02 01 00 C0 B8 00 00 F5 25 01 00 [00] 00 00 00 00 00 00 00 00 00 00 00 00 00 00 00 00 00 00 00 00 00 00 00 07 00 06 0C 00 16 02 01 00 83 F6 00 00 68 28 0E 00
0x00, prev: 0x00: 16 02 01 00 C0 B8 00 00 F5 25 01 00 00 00 00 00 00 00 00 00 00 00 00 00 00 00 00 00 00 00 00 00 00 00 [00] 00 07 00 06 0C 00 16 02 01 00 83 F6 00 00 68 28 0E 00
0x00, prev: 0x02: 16 02 04 00 1E D4 00 00 0B D3 01 00 80 9B 00 00 B4 20 07 00 4D E8 00 00 D8 20 07 00 A7 E9 00 00 FC 20 07 00 00 00 00 00 00 00 00 00 00 00 00 00 00 00 00 00 00 00 00 00 00 00 00 00 02 [00]
0x00, prev: 0x04: 16 02 01 00 D4 E0 00 00 83 E1 04 00 00 00 00 00 00 00 00 00 00 00 00 00 00 00 00 00 00 00 00 00 00 00 00 00 04 [00] 08 1F 00 12 08 00 0F 00 0D 00 FF FF FF FF FF FF FF FF 90 66 D8 C5 64 1D C7 C5 FF FF FF FF FF FF FF FF
0x00, prev: 0x05: 16 02 06 00 1E D4 00 00 0B D3 01 00 DF AE 00 00 0C C4 01 00 A7 B1 00 00 BD 3A 02 00 26 D4 00 00 8F E2 01 00 EC D4 00 00 7A 19 02 00 3D D5 00 00 5A 73 02 00 00 00 00 00 00 00 00 00 00 00 00 00 00 00 00 00 00 00 00 00 00 00 00 00 05 [00] 07 26 00 16 02 01 00 83 E3 00 00 1C 54 05 00 16 01 01 00 D7 BE 00 00 7A 0A 01 00 1A 19 62 6F 64 65 D7 BE 00 00 7A 0A 01 00
0x0E, prev: 0x00: 16 02 08 00 1E D4 00 00 0B D3 01 00 67 4D 00 00 33 6C 0D 00 D8 4D 00 00 EB 6B 0D 00 80 9B 00 00 B4 20 07 00 96 B0 00 00 06 FA 07 00 CA E6 00 00 02 0D 0B 00 5C EE 00 00 BC EB 08 00 F0 F2 00 00 0F 6C 0D 00 00 00 00 00 00 00 00 00 00 00 00 00 00 00 00 00 00 00 00 00 00 00 00 00 [0E] 00 06 14 00 16 01 02 00 57 CA 00 00 16 40 04 00 FD D5 00 00 F3 2A 04 00
0x00, prev: 0x01: 16 02 09 00 1E D4 00 00 0B D3 01 00 30 13 00 00 A6 94 0D 00 2C AF 00 00 DE 57 10 00 A5 B5 00 00 EA 24 0F 00 9C E8 00 00 75 B2 0E 00 CC EA 00 00 09 58 10 00 8A ED 00 00 32 0C 10 00 D0 F0 00 00 07 0C 10 00 44 F1 00 00 E1 59 0D 00 00 00 00 00 00 00 00 00 00 00 00 00 00 00 00 00 00 00 00 00 00 00 00 00 01 [00] 06 17 00 11 4C 00 B1 00 0D 00 FF FF FF FF FF FF FF FF 70 B0 15 46 3B 4A BA 45 06 17 00 11 4C 00 B1 00 0D 00 FF FF FF FF FF FF FF FF 70 B0 15 46 3B 4A BA 45
General information
- name: BNet
- type: Ladder team game (AT/RT)
- host: Battle.net
- saver: Mata.
map: FullScaleAssault
- players: 8
- length: 39:53
- speed: Fast
- version: 1.23 W3XP
- replay type:

» download(319 KB)
Players
team 1 (loser)
bobstone (
red | 46 APM | 1421 actions | 31:01)
4 Death Knight
1 Death Coil
2 Unholy Aura
1 Death Pact
» actions
| Assign group hotkey | 3 | |
| Build / train | 49 | |
| Enter build submenu | 31 | |
| Enter hero's abilities submenu | 4 | |
| Give item / drop item | 1 | |
| Right click | 930 | |
| Select / deselect | 346 | |
| Use ability | 57 | |
1421 total
» units
| Acolyte | 17 | |
| Ghoul | 3 | |
| Crypt Fiend | 11 | |
| Goblin Zeppelin | 1 | |
32 total
» upgrades
| Web | 1 | |
| Creature Attack | 2 | |
| Creature Carapace | 2 | |
5 total
» buildings
| Crypt | 3 | |
| Altar of Darkness | 3 | |
| Ziggurat | 10 | |
| Graveyard | 1 | |
| Tomb of Relics | 1 | |
| Nerubian Tower | 1 | |
| Halls of the Dead | 2 | |
| Black Citadel | 1 | |
| Necropolis | 3 | |
| Sacrificial Pit | 1 | |
26 total
» build order
00:14 Crypt
00:17 Altar of Darkness
00:26 Ziggurat
01:04 Graveyard
01:31 Ziggurat
01:47 Tomb of Relics
02:19 Crypt
03:38 Nerubian Tower
05:01 Ziggurat
06:59 Halls of the Dead
08:19 Ziggurat
08:22 Ziggurat
11:55 Black Citadel
12:00 Ziggurat
12:03 Ziggurat
12:05 Ziggurat
12:09 Ziggurat
14:12 Necropolis
14:34 Sacrificial Pit
17:08 Crypt
18:53 Necropolis
20:44 Halls of the Dead
23:27 Necropolis
26:02 Altar of Darkness
26:20 Altar of Darkness
27:37 Ziggurat
» items
| Rod of Necromancy | 1 | |
| Periapt of Vitality | 1 | |
| Dust of Appearance | 1 | |
3 total
Kip_James (
pink | 53 APM | 1632 actions | 31:01)
8 Shadow Hunter
3 Healing Wave
3 Hex
1 Big Bad Voodoo
1 Serpent Ward
» actions
| Basic commands | 8 | |
| Build / train | 85 | |
| ESC pressed | 1 | |
| Enter build submenu | 36 | |
| Enter hero's abilities submenu | 8 | |
| Give item / drop item | 1 | |
| Right click | 541 | |
| Select / deselect | 729 | |
| Use ability | 223 | |
1632 total
» units
| Peon | 12 | |
| Troll Headhunter/Berserker | 11 | |
| Goblin Shredder | 2 | |
| Goblin Zeppelin | 2 | |
| Shaman | 4 | |
| Troll Witch Doctor | 9 | |
| Demolisher | 8 | |
| Troll Batrider | 5 | |
| Grunt | 3 | |
56 total
» upgrades
| Armor | 2 | |
| Ranged Weapons | 1 | |
| Spiked Barricades | 1 | |
| Troll Regeneration | 1 | |
| Witch Doctor Training | 2 | |
| Shaman Training | 2 | |
| Burning Oil | 1 | |
| Berserker Upgrade | 1 | |
| Liquid Fire | 1 | |
12 total
» buildings
| Altar of Storms | 1 | |
| Orc Burrow | 8 | |
| Barracks | 3 | |
| War Mill | 1 | |
| Watch Tower | 8 | |
| Voodoo Lounge | 2 | |
| Great Hall | 5 | |
| Stronghold | 3 | |
| Spirit Lodge | 2 | |
| Fortress | 1 | |
| Beastiary | 3 | |
| Tree of Life | 1 | |
38 total
» build order
00:16 Altar of Storms
00:20 Orc Burrow
00:36 Barracks
00:50 War Mill
01:19 Barracks
01:58 Orc Burrow
02:25 Barracks
04:22 Orc Burrow
04:24 Watch Tower
04:26 Watch Tower
04:50 Voodoo Lounge
05:51 Great Hall
05:56 Stronghold
05:56 Stronghold
07:08 Orc Burrow
07:33 Orc Burrow
08:29 Watch Tower
08:30 Watch Tower
08:30 Watch Tower
08:31 Watch Tower
09:53 Spirit Lodge
09:54 Spirit Lodge
10:04 Great Hall
11:02 Orc Burrow
11:03 Orc Burrow
11:05 Orc Burrow
11:44 Fortress
18:23 Beastiary
18:23 Beastiary
18:25 Beastiary
18:33 Great Hall
25:53 Voodoo Lounge
28:42 Watch Tower
28:43 Watch Tower
30:00 Great Hall
31:01 Great Hall
» items
| Lesser Clarity Potion | 3 | |
| Potion of Mana | 1 | |
4 total

»
Security) (
green | 88 APM | 2724 actions | 31:01)
8 Demon Hunter
3 Mana Burn
3 Evasion
1 Metamorphosis
1 Immolation
» actions
| Assign group hotkey | 19 | |
| Basic commands | 204 | |
| Build / train | 57 | |
| ESC pressed | 2 | |
| Enter build submenu | 22 | |
| Enter hero's abilities submenu | 8 | |
| Give item / drop item | 1 | |
| Remove unit from queue | 2 | |
| Right click | 1238 | |
| Select / deselect | 387 | |
| Select group hotkey | 719 | |
| Use ability | 65 | |
2724 total
» units
| Wisp | 12 | |
| Archer | 8 | |
| Goblin Zeppelin | 1 | |
| Chimaera | 8 | |
| Druid of the Claw | 5 | |
| Dryad | 4 | |
38 total
» upgrades
| Corrosive Breath | 1 | |
| Strength of the Wild | 2 | |
| Druid of the Claw Training | 2 | |
5 total
» buildings
| Altar of Elders | 1 | |
| Moon Well | 10 | |
| Ancient of War | 1 | |
| Tree of Ages | 1 | |
| Hunter's Hall | 1 | |
| Tree of Eternity | 1 | |
| Ancient of Wind | 1 | |
| Ancient Protector | 3 | |
| Chimaera Roost | 3 | |
| Ancient of Lore | 2 | |
24 total
» build order
00:55 Altar of Elders
01:06 Moon Well
02:21 Ancient of War
02:24 Moon Well
02:35 Moon Well
04:58 Moon Well
05:40 Tree of Ages
07:19 Hunter's Hall
08:13 Tree of Eternity
08:15 Ancient of Wind
08:24 Ancient Protector
08:27 Ancient Protector
08:30 Ancient Protector
10:42 Chimaera Roost
10:43 Chimaera Roost
12:01 Chimaera Roost
13:45 Moon Well
13:46 Moon Well
17:54 Moon Well
17:55 Moon Well
22:07 Ancient of Lore
22:08 Ancient of Lore
26:53 Moon Well
27:34 Moon Well
» items

»
WHOGIVESAFUK (
purple | 33 APM | 1028 actions | 31:01)
5 Keeper of the Grove
3 Entangling Roots
2 Thorns Aura
» actions
| Basic commands | 3 | |
| Build / train | 46 | |
| Enter build submenu | 30 | |
| Enter hero's abilities submenu | 5 | |
| Right click | 614 | |
| Select / deselect | 267 | |
| Use ability | 63 | |
1028 total
» units
| Wisp | 17 | |
| Huntress | 3 | |
| Chimaera | 10 | |
| Goblin Shredder | 1 | |
| Goblin Zeppelin | 1 | |
32 total
» upgrades
| Strength of the Wild | 2 | |
| Corrosive Breath | 1 | |
| Reinforced Hides | 2 | |
5 total
» buildings
| Moon Well | 9 | |
| Altar of Elders | 3 | |
| Hunter's Hall | 1 | |
| Ancient of War | 1 | |
| Tree of Ages | 1 | |
| Ancient Protector | 6 | |
| Ancient of Wind | 1 | |
| Tree of Eternity | 1 | |
| Ancient of Wonders | 1 | |
| Chimaera Roost | 2 | |
| Tree of Life | 1 | |
27 total
» build order
00:13 Moon Well
00:19 Altar of Elders
01:29 Hunter's Hall
01:47 Ancient of War
02:07 Moon Well
03:36 Moon Well
03:51 Tree of Ages
05:01 Ancient Protector
05:08 Ancient Protector
05:14 Ancient Protector
05:20 Ancient Protector
05:46 Ancient Protector
05:54 Ancient Protector
06:26 Ancient of Wind
07:17 Tree of Eternity
09:06 Ancient of Wonders
09:40 Chimaera Roost
09:49 Chimaera Roost
10:08 Moon Well
13:00 Moon Well
13:06 Moon Well
13:48 Moon Well
15:31 Moon Well
16:06 Moon Well
27:14 Tree of Life
31:01 Altar of Elders
» items
team 2 (winner)
bLinn (
blue | 116 APM | 3609 actions | 31:01)
7 Blademaster
3 Wind Walk
3 Critical Strike
1 Bladestorm
» actions
| Assign group hotkey | 405 | |
| Basic commands | 16 | |
| Build / train | 83 | |
| ESC pressed | 7 | |
| Enter build submenu | 120 | |
| Enter hero's abilities submenu | 8 | |
| Remove unit from queue | 2 | |
| Right click | 1722 | |
| Select / deselect | 403 | |
| Select group hotkey | 544 | |
| Use ability | 298 | |
3609 total
» units
| Peon | 26 | |
| Troll Batrider | 23 | |
| Blue Dragon | 1 | |
50 total
» upgrades
| Spiked Barricades | 1 | |
| Liquid Fire | 1 | |
| Ranged Weapons | 2 | |
| Reinforced Defenses | 1 | |
| Armor | 1 | |
6 total
» buildings
| Altar of Storms | 2 | |
| Orc Burrow | 6 | |
| War Mill | 1 | |
| Watch Tower | 95 | |
| Stronghold | 2 | |
| Voodoo Lounge | 3 | |
| Fortress | 2 | |
| Beastiary | 2 | |
| Great Hall | 1 | |
114 total
» build order
00:03 Altar of Storms
00:16 Orc Burrow
00:25 War Mill
02:14 Watch Tower
02:16 Watch Tower
02:20 Orc Burrow
03:23 Watch Tower
03:26 Watch Tower
03:52 Stronghold
04:23 Watch Tower
04:23 Watch Tower
04:38 Watch Tower
04:53 Watch Tower
05:39 Watch Tower
05:40 Watch Tower
05:41 Watch Tower
05:42 Watch Tower
05:47 Watch Tower
05:52 Watch Tower
06:30 Watch Tower
06:31 Watch Tower
06:33 Watch Tower
06:34 Watch Tower
06:45 Watch Tower
06:50 Watch Tower
06:53 Watch Tower
07:05 Watch Tower
07:56 Watch Tower
07:56 Watch Tower
07:57 Watch Tower
07:58 Watch Tower
08:12 Watch Tower
08:13 Watch Tower
08:14 Watch Tower
08:15 Watch Tower
08:16 Watch Tower
08:21 Watch Tower
08:46 Watch Tower
09:20 Watch Tower
09:22 Watch Tower
09:23 Watch Tower
09:40 Watch Tower
09:40 Watch Tower
09:42 Watch Tower
10:28 Watch Tower
10:43 Watch Tower
10:44 Watch Tower
10:48 Watch Tower
10:48 Watch Tower
10:50 Watch Tower
10:51 Watch Tower
11:14 Voodoo Lounge
12:10 Fortress
12:11 Fortress
12:25 Watch Tower
12:26 Watch Tower
12:28 Watch Tower
12:29 Watch Tower
12:38 Watch Tower
12:38 Watch Tower
12:39 Watch Tower
12:39 Watch Tower
12:40 Watch Tower
12:41 Watch Tower
12:42 Watch Tower
12:43 Watch Tower
12:53 Beastiary
12:55 Beastiary
12:56 Orc Burrow
14:11 Watch Tower
14:12 Watch Tower
14:14 Watch Tower
14:22 Watch Tower
14:23 Watch Tower
14:23 Watch Tower
14:25 Watch Tower
14:25 Watch Tower
14:26 Watch Tower
14:26 Watch Tower
14:46 Orc Burrow
15:05 Watch Tower
15:23 Watch Tower
15:37 Watch Tower
15:38 Watch Tower
15:38 Watch Tower
15:38 Watch Tower
15:39 Watch Tower
15:49 Watch Tower
15:59 Watch Tower
16:00 Watch Tower
16:11 Watch Tower
16:14 Watch Tower
16:19 Watch Tower
18:37 Watch Tower
19:24 Voodoo Lounge
20:04 Watch Tower
22:25 Watch Tower
23:24 Watch Tower
23:25 Watch Tower
23:26 Watch Tower
26:09 Great Hall
26:11 Watch Tower
26:12 Watch Tower
27:26 Watch Tower
27:26 Watch Tower
28:22 Watch Tower
28:24 Watch Tower
31:01 Voodoo Lounge
» items
| Orb of Lightning | 1 | |
| Healing Salve | 2 | |
| Lesser Clarity Potion | 1 | |
| Staff of Teleportation | 1 | |
| Scroll of Speed | 1 | |
6 total
Iceberg-Slim (
teal | 124 APM | 3848 actions | 31:01)
6 Warden
3 Shadow Strike
3 Blink
5 Goblin Tinker
3 Cluster Rockets
2 Engineering Upgrade
» actions
| Assign group hotkey | 10 | |
| Basic commands | 348 | |
| Build / train | 155 | |
| ESC pressed | 11 | |
| Enter build submenu | 99 | |
| Enter hero's abilities submenu | 14 | |
| Give item / drop item | 2 | |
| Right click | 1575 | |
| Select / deselect | 799 | |
| Select group hotkey | 562 | |
| Use ability | 271 | |
3848 total
» units
» upgrades
| Nature's Blessing | 1 | |
| Well Spring | 1 | |
| Ultravision | 1 | |
3 total
» buildings
| Altar of Elders | 1 | |
| Moon Well | 3 | |
| Tree of Ages | 1 | |
| Tree of Life | 4 | |
| Ancient of War | 87 | |
| Tree of Eternity | 1 | |
| Ancient of Wonders | 2 | |
| Hunter's Hall | 1 | |
100 total
» build order
00:05 Altar of Elders
00:18 Moon Well
00:46 Moon Well
04:54 Moon Well
05:56 Tree of Ages
06:50 Tree of Life
07:39 Ancient of War
12:10 Ancient of War
12:38 Tree of Life
12:48 Ancient of War
13:36 Tree of Life
13:41 Ancient of War
13:43 Ancient of War
13:44 Ancient of War
13:46 Ancient of War
13:59 Tree of Eternity
14:06 Tree of Life
15:41 Ancient of War
15:42 Ancient of War
15:48 Ancient of War
15:49 Ancient of War
16:04 Ancient of War
16:21 Ancient of Wonders
17:03 Ancient of War
17:11 Hunter's Hall
17:17 Ancient of Wonders
17:19 Ancient of War
17:30 Ancient of War
17:46 Ancient of War
18:04 Ancient of War
18:17 Ancient of War
18:39 Ancient of War
21:28 Ancient of War
21:29 Ancient of War
21:31 Ancient of War
22:26 Ancient of War
22:27 Ancient of War
22:28 Ancient of War
22:29 Ancient of War
22:47 Ancient of War
23:21 Ancient of War
23:25 Ancient of War
23:45 Ancient of War
24:03 Ancient of War
24:07 Ancient of War
25:27 Ancient of War
25:27 Ancient of War
25:32 Ancient of War
25:34 Ancient of War
25:58 Ancient of War
26:00 Ancient of War
26:14 Ancient of War
26:23 Ancient of War
26:45 Ancient of War
26:58 Ancient of War
27:11 Ancient of War
27:39 Ancient of War
27:51 Ancient of War
28:05 Ancient of War
28:06 Ancient of War
28:07 Ancient of War
28:08 Ancient of War
28:39 Ancient of War
28:54 Ancient of War
29:09 Ancient of War
29:20 Ancient of War
29:40 Ancient of War
29:44 Ancient of War
30:06 Ancient of War
30:11 Ancient of War
30:25 Ancient of War
30:40 Ancient of War
31:01 Ancient of War
» items
| Boots of Speed | 2 | |
| Staff of Teleportation | 2 | |
| Orb of Venom | 2 | |
| Scroll of Town Portal | 1 | |
7 total
Mata. (
yellow | 126 APM | 3899 actions | 31:01)
4 Demon Hunter
2 Mana Burn
2 Evasion
» actions
| Assign group hotkey | 386 | |
| Basic commands | 135 | |
| Build / train | 163 | |
| Enter build submenu | 70 | |
| Enter hero's abilities submenu | 4 | |
| Remove unit from queue | 13 | |
| Right click | 1385 | |
| Select / deselect | 974 | |
| Select group hotkey | 537 | |
| Use ability | 232 | |
3899 total
» units
| Wisp | 86 | |
| Goblin Zeppelin | 4 | |
| Faerie Dragon | 8 | |
| Mountain Giant | 10 | |
108 total
» upgrades
| Nature's Blessing | 1 | |
| Strength of the Wild | 3 | |
| Reinforced Hides | 3 | |
| Well Spring | 1 | |
| Ultravision | 1 | |
| Resistant Skin | 1 | |
| Hardened Skin | 1 | |
11 total
» buildings
| Moon Well | 13 | |
| Altar of Elders | 3 | |
| Ancient of War | 6 | |
| Tree of Life | 8 | |
| Tree of Ages | 12 | |
| Hunter's Hall | 2 | |
| Ancient of Wind | 3 | |
| Ancient of Wonders | 2 | |
| Tree of Eternity | 3 | |
| Ancient Protector | 1 | |
| Ancient of Lore | 9 | |
62 total
» build order
00:34 Moon Well
00:56 Altar of Elders
00:57 Moon Well
02:50 Moon Well
03:39 Ancient of War
03:40 Ancient of War
04:54 Moon Well
04:55 Moon Well
04:56 Moon Well
04:57 Moon Well
06:04 Tree of Life
07:12 Ancient of War
07:13 Ancient of War
07:13 Ancient of War
07:51 Tree of Ages
07:52 Tree of Ages
07:52 Tree of Ages
07:52 Tree of Ages
09:39 Hunter's Hall
10:42 Ancient of Wind
11:41 Ancient of Wind
11:43 Ancient of Wind
12:44 Ancient of Wonders
14:45 Tree of Life
15:31 Tree of Ages
15:32 Tree of Ages
15:32 Tree of Ages
16:11 Tree of Life
17:50 Tree of Life
18:12 Tree of Eternity
18:14 Tree of Life
18:19 Ancient Protector
19:43 Tree of Life
20:56 Tree of Life
24:06 Altar of Elders
24:08 Moon Well
24:26 Altar of Elders
24:30 Moon Well
25:33 Hunter's Hall
25:36 Tree of Ages
25:36 Tree of Ages
26:45 Moon Well
26:45 Moon Well
26:45 Moon Well
28:05 Tree of Eternity
28:08 Ancient of Lore
28:09 Ancient of Lore
28:11 Ancient of Lore
28:11 Ancient of Lore
28:13 Ancient of Lore
28:13 Ancient of Lore
28:14 Ancient of Lore
28:15 Ancient of Lore
28:19 Ancient of Lore
28:42 Tree of Life
29:19 Tree of Ages
29:21 Tree of Ages
29:39 Ancient of Wonders
» items
Sylink (
orange | 83 APM | 2584 actions | 31:01)
6 Archmage
3 Blizzard
2 Brilliance Aura
1 Mass Teleport
» actions
| Assign group hotkey | 20 | |
| Basic commands | 164 | |
| Build / train | 143 | |
| ESC pressed | 9 | |
| Enter build submenu | 87 | |
| Enter hero's abilities submenu | 8 | |
| Remove unit from queue | 1 | |
| Right click | 744 | |
| Select / deselect | 469 | |
| Select group hotkey | 765 | |
| Use ability | 174 | |
2584 total
» units
| Peasant | 23 | |
| Mortar Team | 7 | |
| Flying Machine | 30 | |
| Siege Engine | 8 | |
68 total
» upgrades
| Masonry | 3 | |
| Gunpowder | 3 | |
| Armor | 1 | |
| Fragmentation Shards | 1 | |
| Flare | 1 | |
| Flak Cannons | 1 | |
| Plating | 3 | |
| Flying Machine Bombs | 2 | |
| Barrage | 1 | |
16 total
» buildings
| Altar of Kings | 1 | |
| Farm | 10 | |
| Lumber Mill | 1 | |
| Scout Tower | 77 | |
| Arcane Tower | 2 | |
| Guard Tower | 39 | |
| Keep | 1 | |
| Town Hall | 3 | |
| Arcane Vault | 2 | |
| Blacksmith | 1 | |
| Workshop | 6 | |
| Castle | 1 | |
144 total
» build order
00:08 Altar of Kings
00:09 Farm
00:30 Lumber Mill
00:54 Farm
02:02 Farm
02:09 Scout Tower
02:19 Scout Tower
02:35 Arcane Tower
02:45 Scout Tower
02:47 Guard Tower
02:50 Scout Tower
02:58 Farm
03:06 Guard Tower
03:14 Arcane Tower
03:19 Scout Tower
03:20 Scout Tower
03:22 Scout Tower
03:25 Scout Tower
03:27 Scout Tower
03:49 Guard Tower
03:52 Scout Tower
03:54 Scout Tower
03:59 Scout Tower
04:01 Scout Tower
04:02 Guard Tower
04:22 Scout Tower
04:24 Guard Tower
04:28 Scout Tower
04:31 Scout Tower
04:33 Guard Tower
04:39 Scout Tower
04:45 Keep
05:03 Guard Tower
05:06 Scout Tower
05:08 Scout Tower
05:10 Scout Tower
05:14 Guard Tower
05:19 Scout Tower
05:44 Guard Tower
05:59 Scout Tower
06:01 Guard Tower
06:16 Town Hall
06:32 Arcane Vault
06:34 Guard Tower
06:51 Scout Tower
06:52 Scout Tower
06:52 Scout Tower
06:53 Scout Tower
06:59 Blacksmith
07:45 Scout Tower
07:46 Scout Tower
07:46 Scout Tower
07:53 Workshop
07:55 Workshop
08:02 Guard Tower
08:22 Guard Tower
08:33 Guard Tower
08:36 Farm
08:39 Castle
08:55 Guard Tower
09:09 Guard Tower
09:11 Scout Tower
09:17 Workshop
09:25 Guard Tower
09:27 Scout Tower
09:27 Scout Tower
09:28 Scout Tower
09:47 Farm
09:55 Guard Tower
10:05 Scout Tower
10:23 Scout Tower
10:24 Scout Tower
10:37 Scout Tower
10:46 Guard Tower
10:49 Guard Tower
10:51 Scout Tower
10:51 Scout Tower
10:52 Scout Tower
10:54 Guard Tower
10:56 Scout Tower
10:59 Scout Tower
11:01 Scout Tower
11:22 Guard Tower
11:26 Scout Tower
11:26 Scout Tower
11:26 Scout Tower
11:28 Guard Tower
11:35 Guard Tower
11:39 Scout Tower
11:44 Guard Tower
11:52 Scout Tower
11:54 Scout Tower
12:01 Guard Tower
12:31 Guard Tower
12:54 Farm
12:56 Farm
13:11 Scout Tower
13:13 Scout Tower
13:15 Scout Tower
13:48 Guard Tower
13:49 Scout Tower
13:50 Scout Tower
13:54 Scout Tower
13:56 Guard Tower
13:59 Farm
14:10 Farm
14:36 Guard Tower
15:22 Arcane Vault
15:26 Scout Tower
15:29 Scout Tower
16:03 Guard Tower
16:04 Scout Tower
16:05 Scout Tower
16:29 Scout Tower
16:30 Scout Tower
16:32 Scout Tower
16:35 Guard Tower
16:36 Scout Tower
16:38 Scout Tower
16:59 Guard Tower
17:10 Guard Tower
17:13 Scout Tower
17:14 Scout Tower
17:18 Scout Tower
17:19 Scout Tower
17:22 Town Hall
17:45 Guard Tower
17:52 Guard Tower
17:53 Scout Tower
17:53 Scout Tower
17:54 Scout Tower
17:55 Scout Tower
17:56 Scout Tower
17:56 Scout Tower
19:43 Guard Tower
19:45 Scout Tower
19:46 Scout Tower
20:38 Scout Tower
21:07 Town Hall
21:15 Guard Tower
23:26 Workshop
30:17 Workshop
30:19 Workshop
31:01 Guard Tower
» items
| Ivory Tower | 4 | |
| Scroll of Regeneration | 1 | |
| Scroll of Town Portal | 1 | |
6 total
Chat log
(00:09 / Allies) Mata.: me.
(00:23 / Allies) Sylink: we never lose this map
(00:31 / Allies) Mata.: i think we can squeeze out a loss this time
(00:38 / Allies) bLinn: the corrolary to: we never have fun on this map
(00:44 / Allies) Sylink: buy your parents a new router scrub
(00:49 / All) Security): d?
(00:50 / Allies) bLinn: buy your parents a new SON
(01:00 / All) Sylink: D
(01:15 / Allies) Mata.: so
(01:15 / Allies) Mata.: i dunno, i am
(01:16 / Allies) Mata.: not even towering really
(01:17 / Allies) Mata.: just building a base
(01:29 / Allies) bLinn: mata wasn't joking about squeezin out a loss
(01:34 / Allies) Sylink: towering our ramp
(01:39 / Allies) Mata.: seriously?
(01:43 / Allies) Mata.: my base gonna be like an enclave
(01:43 / Allies) Mata.: going hunts
(01:46 / Allies) bLinn: rofl that's a huge stab if you do
(01:47 / Allies) Sylink: fineeeeeeeeeeeeeeeeee
(02:35 / Allies) Mata.: never
(02:38 / Allies) Mata.: drinkin a Koff atm
(02:44 / Allies) Mata.: maybe
(02:46 / Allies) Mata.: means bear brew
(03:00 / Allies) Mata.: they probably do suck
(03:08 / Allies) Mata.: haha
(03:14 / Allies) Mata.: bringing off aows
(03:37 / Allies) Sylink: spotted
(03:44 / Allies) Mata.: dont die
(04:15 / Allies) Mata.: hmmmmmmmmmmmm
(04:19 / Allies) Mata.: damn that failed
(04:43 / All) Sylink: D?
(04:47 / Allies) Mata.: like this guy
(04:55 / Allies) Sylink: success
(05:08 / Allies) Mata.: bring more worker and tower forward
(05:10 / Allies) Mata.: just never stop towering
(05:14 / Allies) Mata.: onward !
(05:14 / Allies) bLinn: i have 4 .. close thy mouth
(05:20 / Allies) Mata.: orc needs more
(05:30 / Allies) Mata.: 2k gold 800 wood gg
(05:31 / Allies) bLinn: ok i bring 4 mo
(05:32 / Allies) bLinn: but that's it
(05:44 / Allies) Mata.: looks like u got... Fed Up
(06:04 / Allies) Sylink: golds
(06:05 / Allies) bLinn: im fed up with u bullying me
(06:15 / Allies) Mata.: so should i try to get good at sc
(06:18 / Allies) Mata.: or just leave it like this
(06:24 / Allies) Mata.: i'm Torn you know
(06:31 / Allies) Mata.: at a level where if i spend more time i can get good
(06:33 / Allies) Mata.: but i dunno...
(06:46 / Allies) Sylink: they going to zep dorp us
(06:47 / Allies) Sylink: eventually
(06:52 / Allies) Mata.: do you think they'll figure that out ? really?
(06:59 / Allies) bLinn: who controls the zeppelins, controls the future
(07:03 / Allies) bLinn: -zack de la rocha
(07:07 / Allies) Mata.: we can both
(07:11 / Allies) bLinn: mo lumber
(07:15 / Allies) bLinn: you gotta provide for my 8 peons ok
(07:16 / Allies) Mata.: starting it
(07:21 / All) Sylink: D
(07:30 / Allies) Iceberg-Slim: sylink leave a gap on bottom of towers for aow rush
(07:42 / Allies) Sylink: k
(07:42 / Allies) Mata.: woaly crap
(07:45 / Allies) bLinn: lol
(07:45 / Allies) bLinn: zep
(07:49 / Allies) Mata.: seriously
(07:51 / All) Security): you like?
(08:06 / Allies) Mata.: fuck it im ready to abandon my right base
(08:07 / Allies) Sylink: lum
(08:41 / Allies) Mata.: yo we got some inc
(08:47 / Allies) Mata.: kill his expo, we aint taking that army
(08:47 / Allies) Sylink: told u
(09:01 / Allies) Mata.: yo kip is taking this
(09:12 / Allies) Mata.: will i get it.......
(09:19 / Allies) Sylink: making morts
(10:09 / Allies) Sylink: i hate your parents
(10:09 / Allies) Sylink: fyi
(10:10 / Allies) Mata.: no
(10:51 / Allies) Mata.: :((
(11:03 / Allies) Mata.: my goldmine is my weakness
(11:17 / All) Sylink: d???
(11:18 / All) Sylink: DD
(11:19 / Allies) bLinn: faerie drags?
(12:00 / Allies) Mata.: :O
(12:02 / Allies) bLinn: los lumbros please
(12:05 / Allies) Mata.: 2 clever 4 u
(12:31 / Allies) Mata.: uhhh you have mort
(12:32 / Allies) Mata.: kill hunts
(13:19 / Allies) Mata.: im taking to the mountains
(13:24 / Allies) Mata.: where my people can have peace
(13:26 / Allies) bLinn: you base done mata
(13:31 / Allies) Mata.: lhame
(13:44 / Allies) Mata.: oh well is ok i got what i needed
(13:51 / Allies) Sylink: lum
(13:52 / Allies) Mata.: yo ancients are coming
(14:06 / Allies) Sylink: lumbar plz
(14:37 / Allies) bLinn: rofl these guys so bad
(14:57 / Allies) Sylink: lolol
(15:00 / Allies) Mata.: fuckk
(15:11 / Allies) Sylink: got red main
(15:12 / Allies) Mata.: you guys lying
(15:14 / Allies) Mata.: these guys ar epro
(15:18 / Allies) Mata.: nobody denies my mountains like that... nobody
(15:30 / Allies) Sylink: this guy
(15:41 / Allies) bLinn: goldgoldgo
(16:01 / Allies) Sylink: trapping purple
(16:51 / Allies) Sylink: wtf
(16:57 / Allies) Mata.: lustachim
(17:00 / Allies) Mata.: a hard sell
(17:06 / Allies) Mata.: is ok tho i got the perf counter
(17:29 / Allies) bLinn: fdrags the perfect counter?
(17:35 / Allies) Mata.: to shaman and chim ? yes
(17:55 / Allies) bLinn: was
(17:57 / Allies) bLinn: full
(18:09 / Allies) bLinn: had dk and fiends surely?
(18:39 / All) Sylink: shitty purple
(18:41 / Allies) bLinn: resources
(18:41 / Allies) bLinn: pls
(18:49 / Allies) Sylink: rofl
(19:04 / All) Sylink: gyros owning your high tech unit bro
(19:06 / All) Sylink: i have what
(19:07 / All) WHOGIVESAFUK: stfu u pussies
(19:09 / All) Sylink: like 1000 gold in gyro
(19:12 / All) Sylink: vs 5k in chime
(19:17 / All) Sylink: gj
(19:22 / Allies) Mata.: that fucking fiend
(19:24 / Allies) Mata.: on my mountain
(19:25 / All) Sylink: youg ot a building
(19:30 / Allies) bLinn: ahaha
(19:49 / Allies) Mata.: here comes the fleet
(19:51 / All) Sylink: red is horrid
(20:20 / All) Sylink: wisp cant get out noob
(20:30 / Allies) Mata.: going 100 food manadragon...
(20:39 / Allies) bLinn: i'll go 100 food, faerie dragons, very rude
(20:44 / Allies) bLinn: -me, in that song about friends, 2007
(20:45 / All) WHOGIVESAFUK: how bout that u towering fag
(20:52 / All) Sylink: how about
(20:53 / All) Sylink: you suck
(21:03 / All) Sylink: and lost every unit you built in like 30 second
(21:05 / All) WHOGIVESAFUK: dude rofl pussies tower so fuck u
(21:09 / All) Sylink: and now im expoing your base
(21:10 / All) Sylink: gg
(21:24 / All) bLinn: mama's lil baby loves shortnin, shortnin, mama's lil baby loves shortnin bread
(21:35 / All) Sylink: we have aow
(21:36 / Allies) Mata.: so fucking many
(21:37 / All) Sylink: they arent towers
(21:39 / All) WHOGIVESAFUK: actually ur mama loves my dick
(22:32 / Allies) Mata.: damn my tier 3
(22:36 / All) Sylink: more chimes lolol
(22:39 / Allies) Mata.: playing w/o sound
(22:45 / Allies) Mata.: haha fuckk my dragons
(22:52 / Allies) Sylink: lumber plz
(23:06 / Allies) Mata.: top towers be gone
(23:08 / Allies) Sylink: need wood bad
(23:12 / All) bLinn: rofl red
(23:13 / All) bLinn: rofl
(23:21 / Allies) Sylink: ty
(23:36 / Allies) Mata.: i mite need help on islands
(23:49 / Allies) Mata.: i need lumber :S
(23:51 / Allies) Mata.: i got gold tho
(24:11 / Allies) bLinn: rofl that fiend on the mountain
(24:13 / Allies) bLinn: musta have killed
(24:14 / Allies) bLinn: 10000 bats
(24:26 / Allies) bLinn: no fucking joke
(24:26 / All) Sylink: D
(25:21 / All) Mata.: close game bros. you almost had us. maybe next time
(25:40 / Allies) Mata.: ok next im gonna try mountain giant
(25:46 / Allies) Mata.: truly a great unit
(25:58 / Allies) Sylink: most of map isnt even crept
(26:05 / Allies) Mata.: that's how you know it was a good game
(26:16 / Allies) bLinn: lum
(26:20 / Allies) Mata.: aint got :(
(26:24 / Allies) Mata.: i have some gold though
(26:27 / Allies) bLinn: boig?
(26:28 / Allies) bLinn: BOIG?!?!
(26:29 / Allies) bLinn: BOIG!?!?!
(27:17 / Allies) Mata.: i aint even gonna res my hero
(27:21 / Allies) Mata.: just gonna get mg and clobber his base
(27:30 / Allies) bLinn: it's clobberin time!!
(27:31 / Allies) bLinn: -the mg
(27:35 / Allies) Mata.: wholy crap
(27:38 / Allies) Sylink: sending gyro
(27:52 / Allies) Mata.: anyone find my zep ?
(27:56 / Allies) bLinn: it died
(27:59 / Allies) Mata.: dang
(28:50 / All) Kip_James: lol
(28:52 / All) bobstone: sweet
(28:54 / Allies) Mata.: save please
(28:54 / All) WHOGIVESAFUK: just suck my ass
(28:55 / All) bLinn: what's the address... tell me now
(28:55 / Allies) Mata.: i need t3
(28:56 / Allies) Mata.: for mg
(29:13 / Allies) bLinn: my expo
(29:14 / Allies) Mata.: ok we good
(29:15 / Allies) bLinn: save pleaseth
(29:48 / Allies) Mata.: you can wait for my mg or not
(30:44 / Allies) Mata.: fuck that
(30:46 / Allies) Mata.: tree lives
(30:51 / Allies) Mata.: nice
(30:57 / Allies) Mata.: tree dies
(31:01 / All) WHOGIVESAFUK: solo or dodge?